 Dungeon Crawl Stone Soup version 0.30-a0-728-gc68057be0a (webtiles) character file.

Game seed: 6048706721021487050

803 kae the Digger (level 7, 0/36 HPs)
             Began as a Gargoyle Earth Elementalist on Jan 30, 2023.
             Was an Initiate of Hepliaklqana.
             Killed by divine providence
             ... invoked by an orc priest
              (12 damage)
             ... on level 5 of the Dungeon.
             The game lasted 00:05:31 (4315 turns).

kae the Digger (Gargoyle Earth Elementalist)        Turns: 4315, Time: 00:05:32

Health: 0/36       AC:  8    Str: 12    XL:     7   Next: 91%
Magic:  7/12       EV: 11    Int: 17    God:    Hepliaklqana [......]
Gold:   168        SH:  0    Dex: 10    Spells: 7/13 levels left

rFire   . . .      SeeInvis .    n - staff of earth {!a}
rCold   . . .      Faith    .    (no shield)
rNeg    + . .      Spirit   .    a - +1 robe
rPois   ∞          Reflect  .    t - +0 helmet
rElec   +          Harm     .    (no cloak)
rCorr   .          Rampage  .    (no gloves)
Will    .....                    (no boots)
Stlth   ++                       (no amulet)
HPRegen 0.26/turn                (no ring)
MPRegen 0.13/turn                (no ring)

@: no status effects
A: sickness immunity, AC +4, negative energy resistance 1, electricity
resistance, torment resistance 1, petrification resistance
a: Renounce Religion


You were on level 5 of the Dungeon.
You worshipped Hepliaklqana.
Hepliaklqana was noncommittal.
You visited 2 branches of the dungeon, and saw 7 of its levels.

You collected 168 gold pieces.


Innate Abilities, Weirdness & Mutations

You are immune to sickness and miasma.
Your stone body is resilient. (AC +4)
You are immune to poison.
You resist negative energy. (rN+)
You are resistant to electric shocks. (rElec)
You are resistant to unholy torment.
You are immune to petrification.


   Skills:
 - Level 1.5 Dodging
 - Level 2.1 Stealth
 + Level 3.6 Spellcasting
 * Level 4.5 Conjurations
 * Level 3.4 Transmutations
 * Level 6.9 Earth Magic


You had 7 spell levels left.
You knew the following spells:

 Your Spells              Type           Power      Damage    Failure   Level
a - Sandblast             Erth           80%        2d17      1%          1
b - Passwall              Tmut/Erth      25%        N/A       3%          2
c - Stone Arrow           Conj/Erth      66%        3d11      4%          3

Your spell library contained the following spells:

 Spells                   Type           Power      Damage    Failure   Level
 Beastly Appendage        Tmut           28%        N/A       4%          1
 Wereblood                Tmut           14%        N/A       6%          2
 Petrify                  Tmut/Erth      31%        N/A       19%         4
 Spider Form              Tmut/Pois      8%         N/A       24%         3
 Irradiate                Conj/Tmut      8%         3d14      65%         5
 Blade Hands              Tmut           7%         N/A       73%         5
 Dispel Undead            Necr           3%         3d7       86%         4
 Death Channel            Necr           1%         N/A       100%        6
 Dragon Form              Tmut           7%         N/A       100%        7
 Cigotuvi's Dreadful Rot  Necr/Pois/Air  Unusable   N/A       N/A         2

Inventory:

Hand Weapons
 d - a +1 short sword
   (You took it off a kobold on level 1 of the Dungeon)
Missiles
 c - 26 stones
 j - a throwing net {=f!f}
 q - 13 poisoned darts
Armour
 a - a +1 robe (worn)
 t - a +0 helmet (worn)
   (You found it on level 4 of the Dungeon)
Magical Staves
 n - a staff of earth (weapon) {!a}
   (You acquired it on level 3 of the Dungeon)
Jewellery
 R - a ring of resist corrosion
   (You found it on level 3 of the Dungeon)
Scrolls
 f - 2 scrolls of enchant weapon
 h - 2 scrolls of fog
 p - a scroll of identify {@r1}
Potions
 b - 2 potions of magic
 e - 2 potions of resistance
 g - 3 potions of curing {unknown}
 i - a potion of flight
 k - 3 potions of haste {@q3}
 l - a potion of invisibility {unknown}
 m - 2 potions of cancellation {unknown}
 o - a potion of mutation {unknown}
 r - 3 potions of lignification {unknown}

Dungeon Overview and Level Annotations

Branches:
Dungeon (6/15) Zot: 26919  Temple (1/1) D:4 Zot: 5881

Altars:
Cheibriados
Elyvilon
Hepliaklqana
Makhleb
Okawaru
Qazlal
Ru
Trog
Uskayaw
Vehumet
Zin
The Shining One

Annotations:
D:4 Dowan, Duvessa
D:6 exclusion: shadow

.# .# .# .+ o# .#
#######o#
#...>@).#
#.####### #.# #.#
### #.# #.#
#.#############.#
#...............#
#
###############.#
# #.# #


You could see an orc priest.


Message History

There is a stone staircase leading down here.
You climb downwards.
Level annotation: exclusion: shadow
There is a stone staircase leading up here.
Casting: Sandblast (safe; 1% risk of failure)
Confirm with . or Enter, or press ? or * to list all spells.
Aiming: Sandblast (safe; 1% risk of failure)
Press: ? - help, Shift-Dir - straight line, f - orc
Aim: an orc, wielding a +0 club (wandering, hasn't noticed you, 84% to hit)
You feel a surge of power!
The blast of sand hits the orc!
You kill the orc! 😎 MP[-1]
You lost 1 mp, and now have 11/12 mp.
Casting: Sandblast (safe; 1% risk of failure)
Confirm with . or Enter, or press ? or * to list all spells.
You can't see any susceptible monsters within range! (Use Z to cast anyway.)
Casting: Sandblast (safe; 1% risk of failure)
Confirm with . or Enter, or press ? or * to list all spells.
You can't see any susceptible monsters within range! (Use Z to cast anyway.)
There is a stone staircase leading up here. 😎 MP[+1]
Your mp is fully restored (12).
You climb upwards.
There is a stone staircase leading down here.
You can't see any susceptible monsters within range! (Use Z to cast anyway.)
There is a stone staircase leading down here.
An orc priest and an orc wizard come into view.
The orc wizard shouts!
You hear a shout!
An orc comes into view. It is wielding a +0 club.
The orc priest moves out of view.
You hear a shout!
Casting: Sandblast (safe; 1% risk of failure)
Confirm with . or Enter, or press ? or * to list all spells.
Aiming: Sandblast (safe; 1% risk of failure)
Press: ? - help, Shift-Dir - straight line, f - orc
Aim: an orc, wielding a +0 club and wearing a +0 leather armour (84% to hit)
You feel a surge of power!
The blast of sand hits the orc. 😎 MP[-1]
You lost 1 mp, and now have 11/12 mp.
Casting: Sandblast (safe; 1% risk of failure)
Confirm with . or Enter, or press ? or * to list all spells.
Aiming: Sandblast (safe; 1% risk of failure)
Press: ? - help, Shift-Dir - straight line, f/p - orc
Aim: an orc, wielding a +0 club and wearing a +0 leather armour (heavily wounded, 84% to hit)
You feel a surge of power!
The blast of sand hits the orc!
You kill the orc!
An orc wizard comes into view. It is wielding a +0 dagger. 😎 MP[-1]
You lost 1 mp, and now have 10/12 mp.
Casting: Sandblast (safe; 1% risk of failure)
Confirm with . or Enter, or press ? or * to list all spells.
Aiming: Sandblast (safe; 1% risk of failure)
Press: ? - help, Shift-Dir - straight line, f - orc wizard
Aim: an orc wizard, wielding a +0 dagger and wearing a +0 robe (80% to hit)
You feel a surge of power!
The blast of sand misses the orc wizard.
You hear a shout!
The orc wizard casts a spell.
The orc wizard flickers and vanishes!
Deactivating autopickup; reactivate with Ctrl-A.
The orc wizard casts a spell at you. The magic dart hits you!
Casting: Sandblast (safe; 1% risk of failure)
Confirm with . or Enter, or press ? or * to list all spells.
Aiming: Sandblast (safe; 1% risk of failure)
Press: ? - help, Shift-Dir - straight line, f/p - orc wizard
Aim: an orc wizard, wielding a +0 dagger and wearing a +0 robe (80% to hit)
You feel a surge of power!
The blast of sand hits the orc wizard! 😮 HP[-10] MP[-2]
You take 10 damage, and now have 26/36 hp.
MASSIVE DAMAGE!! (PAUSE)
You lost 2 mp, and now have 8/12 mp.
The orc wizard attacks as you move away!
The orc wizard hits you with a +0 dagger. 😮 HP[-2]
You take 2 damage, and now have 24/36 hp.
Casting: Sandblast (safe; 1% risk of failure)
Confirm with . or Enter, or press ? or * to list all spells.
Aiming: Sandblast (safe; 1% risk of failure)
Press: ? - help, Shift-Dir - straight line, f/p - orc wizard
Aim: an orc wizard, wielding a +0 dagger and wearing a +0 robe (severely wounded, 80% to hit)
You feel a surge of power!
The blast of sand hits the orc wizard!!
You kill the orc wizard!
The orc priest calls down the wrath of Beogh upon you.
Beogh smites you!
* * * LOW HITPOINT WARNING * * *
Something hits you.
* * * LOW HITPOINT WARNING * * *
😨 HP[-13]
You take 13 damage, and now have 11/36 hp.
MASSIVE DAMAGE!! (PAUSE)
Casting: Sandblast (safe; 1% risk of failure)
Confirm with . or Enter, or press ? or * to list all spells.
Aiming: Sandblast (safe; 1% risk of failure)
Press: ? - help, Shift-Dir - straight line, f - orc priest
Aim: an orc priest, wielding a +0 hand axe (85% to hit)
You feel a surge of power!
The blast of sand hits something!
The orc priest invokes the aid of Beogh against you.
Beogh smites you!
You die...

Skill      XL: |  1  2  3  4  5  6  7 |
---------------+----------------------+-----
Earth Magic    | 4 5 6 |  6.9
Conjurations   | 1 2 3 4 |  4.5
Transmutations | 1 2 3 |  3.4
Spellcasting   | 3 |  3.6
Dodging        | |  1.5
Stealth        | |  2.1

Action                     |  1- 3 |  4- 6 |  7- 9 || total
---------------------------+-------+-------+-------++-------
  Melee: Unarmed           |     4 |       |       ||     4
         Short sword       |    11 |     1 |       ||    12
         Staff             |       |    11 |       ||    11
   Cast: Sandblast         |    60 |    61 |    33 ||   154
    Use: Scroll            |     2 |     7 |     2 ||    11
 Armour: Robe              |    11 |    16 |     3 ||    30
  Dodge: Dodged            |    18 |    18 |     4 ||    40

Levels and vault maps discovered:
D:1:      spicycebolla_arrival_clurvy, layout_basic,
          dreamdust_ecumenical_altar_hidden_monk_grotto
D:2:      layout_loops_ring
D:3:      minmay_diamond_boxcup, layout_loops_ring
D:4:      layout_cave_pods, nicolae_wu_jian_glorious_leap,
          minmay_temple_entry_wispy, uniq_duvessa, uniq_menkaure
D:5:      layout_basic, nemelex_dance_club_becter, minmay_strange_pillars
D:6:      layout_gridville, mainiacjoe_overflow_chevrons,
          general_overflow_altar, mainiacjoe_overflow_catwalk,
          fedhas_ov_isle_minmay
Temple:   dpeg_three_leaves_temple

Notes
Turn   | Place    | Note
-------+----------+-------------------------------------------
     0 | D:1      | kae the Gargoyle Earth Elementalist began the quest for the
                  | Orb.
     0 | D:1      | Reached XP level 1. HP: 10/10 MP: 3/3
     0 | D:1      | magus.rc [v1.11.3]
   148 | D:1      | Reached skill level 4 in Earth Magic
   148 | D:1      | Reached XP level 2. HP: 15/15 MP: 0/5
   644 | D:1      | Found a faded altar of an unknown god.
  1097 | D:1      | Reached XP level 3. HP: 19/19 MP: 4/6
  1101 | D:1      | Learned a level 2 spell: Passwall
  1105 | D:1      | Learned a level 3 spell: Stone Arrow
  1329 | D:2      | You pick up a book of Transfigurations and begin reading...
  1329 | D:2      | You add the spells Irradiate, Blade Hands and Dragon Form
                  | to your library.
  2001 | D:3      | Reached skill level 1 in Conjurations
  2001 | D:3      | Reached skill level 5 in Earth Magic
  2001 | D:3      | Reached XP level 4. HP: 24/24 MP: 5/7
  2010 | D:3      | Reached skill level 1 in Transmutations
  2020 | D:3      | You pick up a book of Decay and begin reading...
  2020 | D:3      | You add the spells Dispel Undead and Death Channel to your
                  | library.
  2343 | D:3      | Noticed a scorpion
  2349 | D:3      | Killed a scorpion
  2350 | D:3      | Reached skill level 2 in Conjurations
  2350 | D:3      | Reached XP level 5. HP: 28/28 MP: 4/9
  2836 | D:3      | Identified a scroll of acquirement
  2836 | D:3      | Acquired a staff of earth
  2863 | D:3      | Reached skill level 3 in Spellcasting
  2863 | D:3      | Reached skill level 2 in Transmutations
  2863 | D:3      | Reached XP level 6. HP: 29/32 MP: 2/10
  2947 | D:3      | Reached skill level 3 in Conjurations
  2989 | D:4      | Reached skill level 6 in Earth Magic
  3054 | D:4      | Found a staircase to the Ecumenical Temple.
  3061 | D:4      | Noticed Menkaure
  3068 | D:4      | Killed Menkaure
  3069 | D:4      | Reached XP level 7. HP: 36/36 MP: 8/12
  3072 | Temple   | Entered the Ecumenical Temple
  3182 | Temple   | Became a worshipper of Hepliaklqana the Forgotten
  3320 | D:4      | Reached skill level 4 in Conjurations
  3320 | D:4      | Reached skill level 3 in Transmutations
  3575 | D:4      | You pick up a book of Changes and begin reading...
  3575 | D:4      | You add the spells Beastly Appendage, Wereblood and Spider
                  | Form to your library.
  3611 | D:4      | Noticed Dowan
  3661 | D:4      | Noticed Duvessa
  3670 | D:4      | HP: 5/36 [Duvessa/+0 rapier (11)]
  3988 | D:4      | You fall into a shaft and drop 2 floors!
  3988 | D:6      | Found a hide-covered altar of Uskayaw.
  4002 | D:6      | Found a radiant altar of Vehumet.
  4096 | D:6      | Noticed a shadow
  4123 | D:6      | Found a bloodstained altar of Trog.
  4239 | D:5      | Entered Level 5 of the Dungeon
  4315 | D:5      | Killed from afar by an orc priest

Vanquished Creatures
  Menkaure (D:4)
  A sky beast (D:6)
  A black bear (D:4)
  An ogre (D:4)
  A necrophage (D:6)
  2 scorpions (D:3)
  An orc priest (D:4)
  2 orc wizards
  5 adders
  A white imp (D:6)
  A worm (D:3)
  2 dart slugs
  18 orcs
  4 endoplasms
  2 giant cockroaches
  7 goblins
  9 hobgoblins
  13 kobolds
  A quokka (D:3)
  6 ball pythons
  6 bats
  5 frilled lizards
  4 rats (D:2)
94 creatures vanquished.

Table legend:
 A = Non-vault XP
 B = Vault XP
 C = Vault XP percentage of total XP
 D = Non-vault monster count
 E = Vault monster count
 F = Vault count percentage of total count
                 A         B        C        D         E       F
            +---------+---------+-------+---------+---------+-------
      Total |     962 |     186 |  16.2 |      86 |       8 |   8.5
            +---------+---------+-------+---------+---------+-------
        D:1 |      36 |       0 |   0.0 |      21 |       0 |   0.0
        D:2 |      37 |       0 |   0.0 |      21 |       0 |   0.0
        D:3 |     265 |      14 |   5.0 |      19 |       7 |  26.9
        D:4 |     339 |     172 |  33.7 |      15 |       1 |   6.2
        D:5 |      38 |       0 |   0.0 |       2 |       0 |   0.0
        D:6 |     247 |       0 |   0.0 |       8 |       0 |   0.0
            +---------+---------+-------+---------+---------+-------

Illustrated notes

Table legend:
 A = Kills in this place as a percentage of kills in entire the game.
 B = Kills by you in this place as a percentage of kills by you in the entire game.
 C = Kills by friends in this place as a percentage of kills by friends in the entire game.
 D = Other kills in this place as a percentage of other kills in the entire game.
 E = Experience gained in this place as a percentage of experience gained in the entire game.
 F = Experience gained in this place divided by the number of levels of this place that you have seen.
                   A       B       C       D       E      F
               +-------+-------+-------+-------+-------+----------------------
         Total | 100.0 | 100.0 |   N/A |   N/A | 100.0 | 164.0
       Dungeon | 100.0 | 100.0 |   N/A |   N/A | 100.0 | 191.3
               +-------+-------+-------+-------+-------+----------------------

Table legend: (Time is in decaauts)
 A = Elapsed time spent in this place.
 B = Non-inter-level travel time spent in this place.
 C = Inter-level travel time spent in this place.
 D = Time resting spent in this place.
 E = Time spent auto-exploring this place.
 F = Levels seen in this place.
 G = Mean time per level.
                   A        B        C        D        E       F      G
               +--------+--------+--------+--------+--------+-----+--------+
         Total |   4394 |   4275 |    119 |    281 |   3342 |   7 |  627.7 |
       Dungeon |   4275 |   4164 |    111 |    281 |   3266 |   6 |  712.5 |
        Temple |    118 |    110 |      8 |      0 |     76 |   1 |  118.0 |
               +--------+--------+--------+--------+--------+-----+--------+

Top non-repeatable levels by time:
     D:1: 1297 daAuts
     D:3: 1144 daAuts
     D:4: 765 daAuts
     D:2: 730 daAuts
     D:6: 270 daAuts
  Temple: 118 daAuts
     D:5: 67 daAuts
